AoeStats
← FJL

Arabia

510019034Analyzed
1v1 RM · 4d ago on Sep 29, 2026· 33m 31s· 2 players
Game mode
Random Map
Map size
Tiny (2 player)
Population
200
Speed
Normal
Resources
Standard
Victory
Conquest
Starting age
Dark Age
Ending age
Imperial Age
RankedLock teamsTeams togetherTeam positionsShared explorationLock speedFull tech treeHidden civsTurbo modeCheats
Victory
Defeat
🇦🇷 Jurchens · Argentina
1826
+13
🇩🇪 Bengalis · Germany
1768
-13
ExequielPalacios25
7:51 Loom
10:13 Feudal Age
14:26 Castle Age
12:42 Double-Bit Axe
13:29 Horse Collar
14:32 Town Watch
16:28 Bow Saw
22:15 Heavy Plow
23:03 Wheelbarrow
26:58 Sanctity
27:54 Redemption
FJL
6:33 Loom
8:39 Feudal Age
10:09 Double-Bit Axe
21:02 Castle Age
19:02 Fletching
20:38 Horse Collar
20:48 Gold Mining
21:30 Bloodlines
21:29 Scale Barding Armor
25:56 Forging
25:57 Husbandry
25:44 Light Cavalry
34:00 Chain Barding Armor
Connection lost

Rejoining the realm…

Still unreachable

The connection could not be restored.

Session expired

The server has moved on; the page needs a fresh start.